EL
ALTOONA CURVE @ TRENTON THUNDER
09/02/2098
 
TOP OF THE 1ST
Altoona Curve batting - Pitching for Trenton Thunder : LHP Mark Hamm
Pitching: LHP Mark Hamm
Batting: LHB Dustin McKenna 0-0: Called Strike
0-1: Called Strike
0-2: Foul Ball, location: 25FF
0-2: Foul Ball, location: 9LMFF
0-2: Foul Ball, location: 3F
0-2: Ball
1-2: Hit by Pitch
Batting: RHB Diego Morales 0-0: Called Strike
0-1: Ball
1-1: Ball
2-1: DOUBLE (Line Drive, 78D, EV 110.6 MPH)
Dustin McKenna to third
Batting: LHB Joe Williams 0-0: Ball
1-0: Ball
2-0: Foul Ball, location: 3DF
2-1: Foul Ball, location: 5F
2-2: SINGLE (Flyball, 89S, EV 76.3 MPH)
Dustin McKenna scores
Diego Morales to third
Batting: RHB Jeff Morgan 0-0: Called Strike
0-1: Ball
1-1: Ball
2-1: Fly out, F9 (Flyball, 89M, EV 86.3 MPH)
Batting: LHB Tommy Marcinczyk Jr. 0-0: Foul Ball, location: 2F
0-1: Called Strike
0-2: Ball
1-2: Foul Ball, location: 9LDF
1-2: Foul Ball, location: 3FF
1-2: Ball
2-2: Foul Ball, location: 7LMF
2-2: DOUBLE (Flyball, 89D, EV 93.8 MPH)
Diego Morales scores
Joe Williams to third
Batting: RHB Julio Rodriguez 0-0: Foul Ball, location: 2F
0-1: Fly out, F3 (Popup, 3SF, EV 72.5 MPH)
Batting: LHB Jimmy O'Banion 0-0: Foul Ball, location: 2F
0-1: Swinging Strike
0-2: Strikes out looking
Top of the 1st over - 2 runs, 3 hits, 0 errors, 2 left on base; Altoona 2 - Trenton 0
BOTTOM OF THE 1ST
Trenton Thunder batting - Pitching for Altoona Curve : RHP Gary Spector
Pitching: RHP Gary Spector
Batting: RHB Ryan Ginsburg 0-0: Foul Ball, location: 23F
0-1: Called Strike
0-2: TRIPLE (Flyball, 7LD, EV 91.3 MPH)
Batting: RHB David Shamp 0-0: Called Strike
0-1: Foul Ball, location: 23F
0-2: Ball
1-2: Ball
2-2: Ball
3-2: Base on Balls
Batting: LHB John Merryman 0-0: Fly out, F9 (Flyball, 89M, EV 80.0 MPH)
Runner from 3rd tags up, SCORES, no throw by RF
Batting: LHB Jose Berumen 0-0: Foul Ball, location: 2F
0-1: Foul Ball, location: 25F
0-2: Foul Ball, location: 2F
0-2: Foul Ball, location: 5F
0-2: Foul Ball, location: 2F
0-2: Ball
1-2: Foul Ball, location: 5F
1-2: Foul Ball, location: 3F
1-2: Foul Ball, location: 7LDF
1-2: Foul Ball, location: 2F
1-2: Ball
2-2: Foul Ball, location: 2F
2-2: Ball
3-2: Fly out, F5 (Popup, 5L, EV 62.5 MPH)
Batting: RHB George McEneaney 0-0: Ball
1-0: Ball
2-0: Ball
3-0: Called Strike
3-1: Foul Ball, location: 7LSF
3-2: Foul Ball, location: 9LSF
3-2: Ground out 4-3 (Groundball, 4S, EV 65.6 MPH)
Bottom of the 1st over - 1 run, 1 hit, 0 errors, 1 left on base; Altoona 2 - Trenton 1
TOP OF THE 2ND
Altoona Curve batting - Pitching for Trenton Thunder : LHP Mark Hamm
Batting: SHB Todd Combs 0-0: Ground out 4-3 (Groundball, 4, EV 88.1 MPH)
Batting: RHB Jim Unknown 0-0: Called Strike
0-1: Ball
1-1: Called Strike
1-2: Strikes out swinging
Batting: LHB Dustin McKenna 0-0: DOUBLE (Groundball, 3L, EV 104.4 MPH)
Batting: RHB Diego Morales 0-0: Called Strike
0-1: Called Strike
0-2: Ground out 1-3 (Groundball, P, EV 66.3 MPH)
Top of the 2nd over - 0 runs, 1 hit, 0 errors, 1 left on base; Altoona 2 - Trenton 1
BOTTOM OF THE 2ND
Trenton Thunder batting - Pitching for Altoona Curve : RHP Gary Spector
Batting: RHB Todd Rosenberger 0-0: Called Strike
0-1: Ball
1-1: SINGLE (Groundball, 6MD, EV 95.0 MPH)
Batting: RHB Bill Rios 0-0: Ball
1-0: Ball
2-0: Called Strike
2-1: Ball
3-1: Swinging Strike
3-2: Ground out 4-3 (Groundball, 34, EV 83.8 MPH)
Todd Rosenberger to second
Batting: RHB Jack Duval 0-0: Ball
1-0: Called Strike
1-1: Called Strike
1-2: Ground out 4-3 (Groundball, 34, EV 101.9 MPH)
Todd Rosenberger to third
Batting: RHB Brett Bresnahan 0-0: Swinging Strike
0-1: Ball
1-1: Ball
2-1: Foul Ball, location: 2F
2-2: Ball
3-2: DOUBLE (Line Drive, 9LM, EV 104.4 MPH)
Todd Rosenberger scores
Batting: RHB Ryan Ginsburg 0-0: Called Strike
0-1: Foul Ball, location: 23FF
0-2: Foul Ball, location: 9LDF
0-2: SINGLE (Groundball, 6MD, EV 93.8 MPH)
Brett Bresnahan to third
Runner from 3rd tries for Home, SAFE, throw by CF to home
Ryan Ginsburg to second
Batting: RHB David Shamp 0-0: Ball
1-0: Ball
2-0: Fly out, F7 (Flyball, 78M, EV 80.0 MPH)
Bottom of the 2nd over - 2 runs, 3 hits, 0 errors, 1 left on base; Altoona 2 - Trenton 3
TOP OF THE 3RD
Altoona Curve batting - Pitching for Trenton Thunder : LHP Mark Hamm
Batting: LHB Joe Williams 0-0: Swinging Strike
0-1: Swinging Strike
0-2: Ball
1-2: Foul Ball, location: 2F
1-2: Ball
2-2: Ball
3-2: Base on Balls
Batting: RHB Jeff Morgan 0-0: Ball
Wild Pitch!
Joe Williams to second
1-0: Foul Ball, location: 5F
1-1: Foul Ball, location: 9LSF
1-2: Foul Ball, location: 9LSF
1-2: Foul Ball, location: 3SF
1-2: SINGLE (Groundball, 4MD, EV 103.8 MPH)
Joe Williams to third
Batting: LHB Tommy Marcinczyk Jr. 0-0: Called Strike
0-1: Ball
1-1: Fielders Choice at 2nd, 6-4 (Groundball, 6, EV 89.4 MPH)
Batting: RHB Julio Rodriguez 0-0: Called Strike
0-1: Ball
1-1: Ball
2-1: Called Strike
2-2: Ball
3-2: Base on Balls
Tommy Marcinczyk Jr. to second
Batting: LHB Jimmy O'Banion 0-0: Foul Ball, location: 2F
0-1: Ball
1-1: Fielders Choice at 2nd, 4-6 (Groundball, 4M, EV 106.3 MPH)
Joe Williams scores
Tommy Marcinczyk Jr. to third
Batting: SHB Todd Combs 0-0: Ball
1-0: Ball
2-0: Foul Ball, location: 2F
2-1: Ball
3-1: Fly out, F8 (Flyball, 8LXD, EV 92.5 MPH)
Top of the 3rd over - 1 run, 1 hit, 0 errors, 2 left on base; Altoona 3 - Trenton 3
BOTTOM OF THE 3RD
Trenton Thunder batting - Pitching for Altoona Curve : RHP Gary Spector
Batting: LHB John Merryman 0-0: Foul Ball, location: 5DF
0-1: Foul Ball, location: 7LMF
0-2: Ball
1-2: Foul Ball, location: 5F
1-2: Ground out 6-3 (Groundball, 4M, EV 105.6 MPH)
Batting: LHB Jose Berumen 0-0: Ball
1-0: Ball
2-0: Foul Ball, location: 3SF
2-1: Foul Ball, location: 7LMF
2-2: Ball
3-2: Fly out, F9 (Flyball, 9, EV 89.4 MPH)
Batting: RHB George McEneaney 0-0: Swinging Strike
0-1: Foul Ball, location: 5FF
0-2: Ball
1-2: Ball
2-2: Foul Ball, location: 23FF
2-2: Ball
3-2: Strikes out looking
Bottom of the 3rd over - 0 runs, 0 hits, 0 errors, 0 left on base; Altoona 3 - Trenton 3
TOP OF THE 4TH
Altoona Curve batting - Pitching for Trenton Thunder : LHP Mark Hamm
Batting: RHB Jim Unknown 0-0: Ball
1-0: Called Strike
1-1: Ball
2-1: Foul Ball, location: 2F
2-2: Strikes out swinging
Batting: LHB Dustin McKenna 0-0: Foul Ball, location: 2F
0-1: Ball
1-1: Fly out, F8 (Flyball, 8LS, EV 78.1 MPH)
Batting: RHB Diego Morales 0-0: Called Strike
0-1: SINGLE (Groundball, 3D, EV 93.8 MPH)
Batting: LHB Joe Williams 0-0: Ball
1-0: SINGLE (Line Drive, 89S, EV 101.9 MPH)
Diego Morales to second
Batting: RHB Jeff Morgan 0-0: Ball
1-0: Ball
2-0: Called Strike
2-1: Ball
3-1: Fly out, F8 (Line Drive, 8LD, EV 85.6 MPH)
Top of the 4th over - 0 runs, 2 hits, 0 errors, 2 left on base; Altoona 3 - Trenton 3
BOTTOM OF THE 4TH
Trenton Thunder batting - Pitching for Altoona Curve : RHP Gary Spector
Pitching: RHP Ryan Colon
Batting: RHB Todd Rosenberger 0-0: Foul Ball, location: 2F
0-1: Called Strike
0-2: Ball
1-2: Strikes out swinging
Batting: RHB Bill Rios 0-0: Called Strike
0-1: Ball
1-1: SOLO HOME RUN (Flyball, 7D, EV 99.4 MPH), Distance : 413 ft
Batting: RHB Jack Duval 0-0: Foul Ball, location: 2F
0-1: Ball
1-1: Ball
2-1: Called Strike
2-2: Ball
3-2: Fly out, F8 (Flyball, 8LD, EV 91.9 MPH)
Batting: RHB Brett Bresnahan 0-0: Called Strike
0-1: Swinging Strike
0-2: Ball
1-2: Foul Ball, location: 9LMF
1-2: Strikes out swinging
Bottom of the 4th over - 1 run, 1 hit, 0 errors, 0 left on base; Altoona 3 - Trenton 4
TOP OF THE 5TH
Altoona Curve batting - Pitching for Trenton Thunder : LHP Mark Hamm
Batting: LHB Tommy Marcinczyk Jr. 0-0: Ball
1-0: Swinging Strike
1-1: Ball
2-1: Foul Ball, location: 3F
2-2: Ball
3-2: SINGLE (Line Drive, 9S, EV 96.9 MPH)
Batting: RHB Julio Rodriguez 0-0: Sac Bunt to 23 - play at first, batter OUT! 3-4
Tommy Marcinczyk Jr. to second
Batting: LHB Jimmy O'Banion 0-0: Ball
1-0: Swinging Strike
1-1: Fly out, F8 (Flyball, 8LM, EV 85.6 MPH)
Batting: SHB Todd Combs 0-0: Ball
1-0: Ball
2-0: Called Strike
2-1: Ball
3-1: Foul Ball, location: 9LMF
3-2: Foul Ball, location: 5FF
3-2: Base on Balls
Pitching: RHP Matt Engel
Batting: RHB Jim Unknown 0-0: Ground out 1-3 (Groundball, 34S, EV 64.4 MPH)
Top of the 5th over - 0 runs, 1 hit, 0 errors, 2 left on base; Altoona 3 - Trenton 4
BOTTOM OF THE 5TH
Trenton Thunder batting - Pitching for Altoona Curve : RHP Ryan Colon
Batting: RHB Ryan Ginsburg 0-0: Called Strike
0-1: Called Strike
0-2: Fly out, F7 (Flyball, 78S, EV 91.9 MPH)
Batting: RHB David Shamp 0-0: Ball
1-0: Ball
2-0: Called Strike
2-1: Called Strike
2-2: Ball
3-2: Base on Balls
Batting: LHB John Merryman 0-0: Ball
1-0: Called Strike
1-1: Ball
2-1: Swinging Strike
2-2: Foul Ball, location: 3F
2-2: Fly out, F9 (Flyball, 9D, EV 96.3 MPH)
Batting: LHB Jose Berumen 0-0: Called Strike
0-1: Foul Ball, location: 5F
0-2: Ball
1-2: Strikes out swinging
Bottom of the 5th over - 0 runs, 0 hits, 0 errors, 1 left on base; Altoona 3 - Trenton 4
TOP OF THE 6TH
Altoona Curve batting - Pitching for Trenton Thunder : RHP Matt Engel
Batting: LHB Dustin McKenna 0-0: Ball
1-0: Foul Ball, location: 25FF
1-1: Called Strike
1-2: Foul Ball, location: 3DF
1-2: Strikes out swinging
Batting: RHB Diego Morales 0-0: Ball
1-0: Swinging Strike
1-1: Ball
2-1: Fly out, F2 (Popup, 15S, EV 95.6 MPH)
Batting: LHB Joe Williams 0-0: Called Strike
0-1: Ball
1-1: Foul Ball, location: 9LSF
1-2: Strikes out swinging
Top of the 6th over - 0 runs, 0 hits, 0 errors, 0 left on base; Altoona 3 - Trenton 4
BOTTOM OF THE 6TH
Trenton Thunder batting - Pitching for Altoona Curve : RHP Ryan Colon
Batting: RHB George McEneaney 0-0: Swinging Strike
0-1: Called Strike
0-2: Foul Ball, location: 7LDF
0-2: Ball
1-2: Ball
2-2: Fly out, F9 (Flyball, 9LS, EV 91.9 MPH)
Pitching: RHP Vicente Artunghi
Batting: RHB Todd Rosenberger 0-0: Ball
1-0: DOUBLE (Line Drive, 78M, EV 95.0 MPH)
Batting: RHB Bill Rios 0-0: Intentional Walk
Batting: RHB Jack Duval 0-0: Ball
1-0: Foul Ball, location: 2F
1-1: Fly out, F8 (Flyball, 8LD, EV 103.1 MPH)
Batting: RHB Brett Bresnahan 0-0: Ball
1-0: Ball
2-0: Fly out, F9 (Line Drive, 9S, EV 86.9 MPH)
Bottom of the 6th over - 0 runs, 1 hit, 0 errors, 2 left on base; Altoona 3 - Trenton 4
TOP OF THE 7TH
Altoona Curve batting - Pitching for Trenton Thunder : RHP Matt Engel
Batting: RHB Jeff Morgan 0-0: Fly out, F8 (Line Drive, 8RD, EV 90.6 MPH)
Batting: LHB Tommy Marcinczyk Jr. 0-0: Foul Ball, location: 3F
0-1: Fly out, F8 (Line Drive, 8RM, EV 105.0 MPH)
Batting: RHB Julio Rodriguez 0-0: Fly out, F8 (Flyball, 8RM, EV 75.6 MPH)
Top of the 7th over - 0 runs, 0 hits, 0 errors, 0 left on base; Altoona 3 - Trenton 4
BOTTOM OF THE 7TH
Trenton Thunder batting - Pitching for Altoona Curve : RHP Vicente Artunghi
Batting: RHB Ryan Ginsburg 0-0: DOUBLE (Flyball, 89D, EV 88.1 MPH)
Batting: RHB David Shamp 0-0: SINGLE (Line Drive, 8RS, EV 90.0 MPH)
Ryan Ginsburg to third
Runner from 3rd tries for Home, SAFE, throw by CF to home
David Shamp to second
Batting: LHB John Merryman 0-0: Intentional Walk
Batting: LHB Jose Berumen 0-0: Called Strike
0-1: Ball
1-1: Foul Ball, location: 5FF
1-2: Grounds into double play, 3-6-1 (Groundball, 34, EV 90.0 MPH)
David Shamp to third
Batting: RHB George McEneaney 0-0: Ball
1-0: Called Strike
1-1: Ball
2-1: Ball
3-1: Foul Ball, location: 5SF
3-2: Base on Balls
Batting: RHB Todd Rosenberger 0-0: Ball
1-0: Foul Ball, location: 5F
1-1: Ball
2-1: Foul Ball, location: 9LDF
2-2: Foul Ball, location: 2F
2-2: Foul Ball, location: 5F
2-2: Foul Ball, location: 9LDF
2-2: Ball
3-2: DOUBLE (Flyball, 78D, EV 99.4 MPH)
David Shamp scores
George McEneaney to third
George McEneaney scores
Batting: RHB Bill Rios 0-0: Intentional Walk
Pitching: RHP Jesus Sanchez
Batting: RHB Jack Duval 0-0: Called Strike
0-1: Foul Ball, location: 9LDF
0-2: Fly out, F8 (Flyball, 8RD, EV 106.3 MPH)
Bottom of the 7th over - 3 runs, 3 hits, 0 errors, 2 left on base; Altoona 3 - Trenton 7
TOP OF THE 8TH
Altoona Curve batting - Pitching for Trenton Thunder : RHP Matt Engel
Batting: LHB Jimmy O'Banion 0-0: Ground out 5-3 (Groundball, 56, EV 88.8 MPH)
Batting: SHB Todd Combs 0-0: Foul Ball, location: 2F
0-1: Called Strike
0-2: Strikes out swinging, 2-3 out at first.
Batting: RHB Jim Unknown 0-0: Ball
1-0: Called Strike
1-1: Swinging Strike
1-2: Strikes out swinging
Top of the 8th over - 0 runs, 0 hits, 0 errors, 0 left on base; Altoona 3 - Trenton 7
BOTTOM OF THE 8TH
Trenton Thunder batting - Pitching for Altoona Curve : RHP Jesus Sanchez
Batting: RHB Brett Bresnahan 0-0: Ball
1-0: Foul Ball, location: 7LMF
1-1: Ball
2-1: Swinging Strike
2-2: Foul Ball, location: 5SF
2-2: Strikes out swinging
Batting: RHB Ryan Ginsburg 0-0: TRIPLE (Line Drive, 7LM, EV 101.3 MPH)
Batting: RHB David Shamp 0-0: Ball
1-0: Ball
2-0: Ball
3-0: Called Strike
3-1: Fly out, F9 (Flyball, 9, EV 91.3 MPH)
Runner from 3rd tags up, SCORES, throw by RF
Batting: LHB John Merryman 0-0: Ball
1-0: Ball
2-0: Ball
3-0: Called Strike
3-1: Ground out 4-3 (Groundball, 34D, EV 93.8 MPH)
Bottom of the 8th over - 1 run, 1 hit, 0 errors, 0 left on base; Altoona 3 - Trenton 8
TOP OF THE 9TH
Altoona Curve batting - Pitching for Trenton Thunder : RHP Matt Engel
Batting: LHB Dustin McKenna 0-0: Called Strike
0-1: Ball
1-1: Called Strike
1-2: Strikes out swinging
Batting: RHB Diego Morales 0-0: Ground out 6-3 (Groundball, 6M, EV 100.6 MPH)
Batting: LHB Joe Williams 0-0: Ball
1-0: Swinging Strike
1-1: Ball
2-1: Swinging Strike
2-2: Foul Ball, location: 9LMF
2-2: Fly out, F2 (Popup, 25F, EV 81.3 MPH)
Top of the 9th over - 0 runs, 0 hits, 0 errors, 0 left on base; Altoona 3 - Trenton 8
Sunday, April 14th , 2024 - OOTP Baseball 24.11 Build 85